 Dungeon Crawl Stone Soup version 0.23-a0-8-gb809bb7 (webtiles) character file.

77 prawnwizard the Conjurer (level 4, 0/25 HPs)
             Began as a Deep Elf Conjurer on Aug 1, 2018.
             Slain by Terence
             ... wielding a +0 hand axe
              (3 damage)
             ... on level 2 of the Dungeon.
             The game lasted 00:03:15 (1971 turns).

prawnwizard the Conjurer (Deep Elf Conjurer)        Turns: 1971, Time: 00:03:16

Health: 0/25       AC:  2    Str:  5    XL:     4   Next: 13%
Magic:  1/11       EV: 13    Int: 21    God:
Gold:   67         SH:  0    Dex: 15    Spells: 9/10 levels left

rFire    . . .     SeeInvis .   m - +0 whip
rCold    . . .     Gourm    .   (no shield)
rNeg     . . .     Faith    .   d - +0 robe {Archmagi}
rPois    .         Spirit   .   (no helmet)
rElec    .         Reflect  .   (no cloak)
rCorr    .         Harm     .   (no gloves)
MR       .....                  (no boots)
Stlth    ++........             (no amulet)
HPRegen  0.08/turn              (no ring)
MPRegen  0.12/turn              (no ring)

@: no status effects
A: no striking features
a: no special abilities


You were on level 2 of the Dungeon.
You were not hungry.

You visited 1 branch of the dungeon, and saw 2 of its levels.

You collected 67 gold pieces.

Inventory:

Hand Weapons
 m - a +0 whip (weapon)
Armour
 a - a +0 robe
 d - a +0 robe of the Archmagi (worn)
 g - a +0 buckler
Scrolls
 b - a scroll of enchant armour {unknown}
 f - a scroll of immolation {unknown}
 h - 2 scrolls of identify {unknown}
 i - 3 scrolls of amnesia {unknown}
 j - a scroll of remove curse {unknown}
 n - a scroll of random uselessness {unknown}
Potions
 e - a potion of curing {unknown}
 l - a potion of haste {unknown}
Comestibles
 c - 3 rations
 k - a chunk of flesh


   Skills:
 + Level 1.3 Fighting
 - Level 2.4 Dodging
 - Level 2.4 Stealth
 + Level 3.9 Spellcasting
 * Level 5.4 Conjurations


You had 9 spell levels left.
You knew the following spells:

 Your Spells              Type           Power        Failure   Level  Hunger
a - Magic Dart            Conj           ####         1%          1    None

Your spell library contained the following spells:

 Spells                   Type           Power        Failure   Level  Hunger
 Iskenderun's Mystic Bla  Conj           #####...     13%         4    ####...
 Fulminant Prism          Conj/Hex       ###.......   36%         4    ####...
 Dazzling Spray           Conj/Hex       ###...       12%         3    ###....
 Force Lance              Conj/Tloc      ###.....     36%         4    ####...
 Searing Ray              Conj           #####.       1%          2    #......


Dungeon Overview and Level Annotations

Branches:
Dungeon (2/15)

Altars:
Hepliaklqana
Okawaru
Ru
Sif Muna
Xom

Annotations:
D:2 Terence


Message History

Casting: Magic Dart (safe; 1% risk of failure)
Confirm with . or Enter, or press ? or * to list all spells.
Aiming: Magic Dart (safe; 1% risk of failure)
Press: ? - help, Shift-Dir - straight line, f/p - Terence
Aim: Terence, wielding a hand axe and wearing a chain mail (almost dead)
You feel a surge of power!
The magic dart hits Terence.
Terence is almost dead.
Terence hits you with a hand axe.
* * * LOW HITPOINT WARNING * * *
There is a stone staircase leading up, spattered with blood here.
Casting: Magic Dart (safe; 1% risk of failure)
Confirm with . or Enter, or press ? or * to list all spells.
Aiming: Magic Dart (safe; 1% risk of failure)
Press: ? - help, Shift-Dir - straight line, f/p - Terence
Aim: Terence, wielding a hand axe and wearing a chain mail (almost dead)
You feel a surge of power!
The magic dart hits Terence.
Terence is almost dead.
Terence shouts, "Get ready for death!"
Terence hits you with a hand axe.
You die...

# # # ############## #
##########..<.........# #
#.......##.###.######.########
#...........@@................
#.............................
#.........#....(..............
#
#.................###.#######.
####........#.##...#.# #.# #.
.....>........###...># #.# #.
.................[.#####.# #.
.(.##.#######.....)......# ..
##.##.# ##############


You could see Terence.

Vanquished Creatures
  3 adders (D:2)
  3 worms (D:2)
  3 dart slugs (D:2)
  A giant cockroach (D:1)
  7 goblins (D:1)
  5 hobgoblins
  2 quokkas (D:2)
  3 bats
  2 frilled lizards (D:1)
  2 kobolds
  5 rats
36 creatures vanquished.

Notes
Turn   | Place    | Note
-------+----------+-------------------------------------------
     0 | D:1      | prawnwizard the Deep Elf Conjurer began the quest for the Orb.
     0 | D:1      | Reached XP level 1. HP: 10/10 MP: 6/6
   259 | D:1      | Reached XP level 2. HP: 15/16 MP: 2/8
   334 | D:1      | Found a hazy altar of Hepliaklqana.
   905 | D:2      | Reached skill level 5 in Conjurations
   905 | D:2      | Reached XP level 3. HP: 20/20 MP: 6/10
   951 | D:2      | Reached skill level 1 in Fighting
  1045 | D:2      | Found a shimmering altar of Xom.
  1045 | D:2      | Found a faded altar of an unknown god.
  1050 | D:2      | Found a faded altar of an unknown god.
  1054 | D:2      | Found a deep blue altar of Sif Muna.
  1055 | D:2      | Found a sacrificial altar of Ru.
  1510 | D:2      | Found an iron altar of Okawaru.
  1665 | D:2      | Reached XP level 4. HP: 25/25 MP: 3/11
  1923 | D:2      | Noticed Terence
  1971 | D:2      | Slain by Terence

Vault maps used:
D:1:      minmay_arrival_open_corners, minmay_hexomino_r4
D:2:      chequers_temple_overflow_minitemple, okawaru_ov_weapons_minmay,
          uniq_terence

Skill      XL: |  1  2  3 |
---------------+----------+-----
Conjurations   | 5 |  5.4
Fighting       | 1 |  1.3
Dodging        | |  2.4
Stealth        | |  2.4
Spellcasting   | |  3.9

Action                   |  1- 3 |  4- 6 || total
-------------------------+-------+-------++-------
 Cast: Magic Dart        |    79 |    24 ||   103
  Eat: Chunk             |     2 |     1 ||     3
Armor: Robe              |     2 |       ||     2
Dodge: Dodged            |    11 |     5 ||    16

Table legend:
 A = Spawn XP
 B = Non-spawn XP
 C = Spawn XP percentage of total XP
 D = Spawn monster count
 E = Non-spawn monster count
 F = Spawn count percentage of total count
 G = Total turns spent on level
                    A         B        C        D         E        F      G
               +---------+---------+-------+---------+---------+-------+---------
         Total |       0 |     110 |   0.0 |       0 |      36 |   0.0 |  1971
               +---------+---------+-------+---------+---------+-------+---------
           D:1 |       0 |      27 |   0.0 |       0 |      16 |   0.0 |   853
           D:2 |       0 |      83 |   0.0 |       0 |      20 |   0.0 |  1118
               +---------+---------+-------+---------+---------+-------+---------
